 Dungeon Crawl Stone Soup version 0.32-a0-913-g739538afd8 (webtiles) character file.

Game seed: 325520442700741367

171 Biggs the Changeling (level 5, 0/25 HPs)
             Began as a Felid Shapeshifter on Apr 9, 2024.
             Slain by Ijyb
             ... wielding a +2 dagger of venom
              (7 damage)
             ... on level 3 of the Dungeon.
             The game lasted 00:06:25 (2076 turns).

Biggs the Changeling (Felid Shapeshifter)           Turns: 2076, Time: 00:06:26

Health: 0/25       AC:  1    Str: 12    XL:     5   Next: 26%
Magic:  6/6        EV: 16    Int: 13    God:
Gold:   149        SH:  0    Dex: 16    Spells: 4/4 levels left
                                        Lives:  0   Deaths: 2

rFire   . .          .
                       - Unarmed
rCold   . . .        (shield unavailable)
rNeg    . . .        (body armour unavailable)
rPois   .            (helmet unavailable)
rElec   .            (cloak unavailable)
rCorr   .            (gloves unavailable)
SInv    +            (boots unavailable)
Will    .....        (no amulet)
Stlth   +            (no ring)
HPRegen 0.24/turn    (no ring)
MPRegen 0.10/turn

%: no passive effects
@: beast-form
A: beast (slay +2), very small, claws 1, fangs 3, see invisible, shaggy fur 1,
stealthy paws, no weapons or thrown items, no armour, multi-lived
a: Begin Untransformation


You were on level 3 of the Dungeon.
You were a hulking beast.
You visited 1 branch of the dungeon, and saw 3 of its levels.

You collected 149 gold pieces.

Inventory:

Talismans
 b - a beast talisman (active)
 c - a flux talisman
Scrolls
 a - 3 scrolls of identify {unknown}
 d - a scroll of torment {unknown}
 e - a scroll of enchant weapon {unknown}
 f - a scroll of fog {unknown}
 h - 3 scrolls of teleportation {unknown}
 i - a scroll of blinking {unknown}
Potions
 g - a potion of brilliance {unknown}
 j - a potion of magic


   Skills:
 - Level 1.0 Fighting
 - Level 2.6 Dodging
 - Level 3.0 Unarmed Combat
 + Level 5.1 Shapeshifting


You had 4 spell levels left.
You didn't know any spells.
Your spell library contained the following spells:

 Spells                   Type           Power      Damage    Failure   Level
 Kiss of Death            Conj/Necr      0%         2d5       30%         1
 Confusing Touch          Hex            0%         N/A       67%         3
 Dispel Undead            Necr           0%         3d6       97%         4


Dungeon Overview and Level Annotations

Branches:
Dungeon (3/15)

Altars:

Annotations:
D:2 Terence
D:3 Ijyb


Innate Abilities, Weirdness & Mutations

You are a hulking beast.
Your limbs bulge with bestial killing power. (Slay +2)
You have sharp claws.
You have razor-sharp teeth.
You have supernaturally acute eyesight. (SInv)
You are covered in fur. (AC +1)
Your paws help you pounce on unaware monsters.
You are incapable of wielding weapons or throwing items.
You cannot wear armour.
You gain extra lives every three experience levels.


Message History

Key pressed, stopping explore.
Key pressed, stopping explore.
Key pressed, stopping explore.
Key pressed, stopping explore.
Key pressed, stopping explore.
k - a potion of curing Key pressed, stopping explore.
Key pressed, stopping explore.
Key pressed, stopping explore.
Key pressed, stopping explore.
h - 3 scrolls labelled INAT MOUSYRGH (gained 1) Key pressed, stopping explore.
Key pressed, stopping explore.
You see here 3 silver javelins.
Key pressed, stopping explore.
Key pressed, stopping explore.
Key pressed, stopping explore.
You see here 3 stones.
Found a stone staircase leading down.
Ijyb the Inquisitive comes into view.
She is wielding a +2 dagger of venom and carrying a wand of flame.
Found a kite shield.
Ijyb zaps a wand.
The puff of flame hits you!
Ouch! That really hurt!
You scratch Ijyb.
Ijyb is lightly wounded.
Ijyb closely misses you.
You scratch Ijyb. You bite Ijyb, but do no damage.
Ijyb is lightly wounded.
Ijyb hits you with a +2 dagger of venom.
You are lethally poisoned!
You barely miss Ijyb.
Ijyb is lightly wounded.
* * * LOW HITPOINT WARNING * * *
You feel very sick.
Ijyb hits you with a +2 dagger of venom.
* * * LOW HITPOINT WARNING * * *
Unknown command.
You feel better.
Ijyb hits you with a +2 dagger of venom!
You die...
Ijyb screams, "Time for next experiment!"

.##### #.# #.####
### ....#####.##
#....########.#
.........#.#
####..........#
.....####.#########
#######.##..
.............(....#
#.##..
.>...############.#
#....# ...)##
##.#.# ####.#
.###S...... #.#..#
### # .######.
#.h># ..# #..g##
.#.# ##.## #.#.# ..
#.# .#### ##[
<###.... #.
#.#..###.## #.
##........# #.
#..#...#.


You could see Ijyb.

Vanquished Creatures
  A bombardier beetle (D:3)
  Robin (D:3)
  5 adders
  An ufetubus (D:3)
  A ribbon worm (D:2)
  A dart slug (D:3)
  3 endoplasms
  2 giant cockroaches (D:1)
  12 goblins
  6 hobgoblins
  7 jackals
  A quokka (D:2)
  4 ball pythons
  10 bats
  5 frilled lizards
  7 kobolds
  11 rats
78 creatures vanquished.

Notes
Turn   | Place    | Note
-------+----------+-------------------------------------------
     0 | D:1      | Biggs the Felid Shapeshifter began the quest for the Orb.
     0 | D:1      | Reached XP level 1. HP: 10/10 MP: 2/2
   131 | D:1      | Reached skill level 3 in Shapeshifting
   174 | D:1      | Reached XP level 2. HP: 14/14 MP: 3/3
   630 | D:1      | Reached XP level 3. HP: 5/18 MP: 4/4
   950 | D:2      | Reached skill level 4 in Shapeshifting
  1103 | D:2      | Noticed Terence
  1331 | D:2      | Reached XP level 4. HP: 15/22 MP: 5/5
  1331 | D:2      | Gained a life (2 lives remaining)
  1752 | D:3      | Noticed Robin
  1756 | D:3      | HP: 1/22 [burnt (4)]
  1756 | D:3      | Slain by Robin
  1756 | D:3      | Lost a life (1 life remaining)
  1783 | D:3      | Killed Robin
  1784 | D:3      | Reached XP level 5. HP: 18/25 MP: 6/6
  1799 | D:3      | Reached skill level 5 in Shapeshifting
  1800 | D:3      | Slain by a ball python
  1800 | D:3      | Lost a life (0 lives remaining)
  2069 | D:3      | Noticed Ijyb
  2075 | D:3      | HP: 1/25 [Ijyb/+2 dagger of venom (4)]
  2076 | D:3      | Slain by Ijyb

Illustrated notes

Levels and vault maps discovered:
D:1:      scummos_arrival_checkerplants, layout_basic
D:2:      minmay_recursive_quarters, layout_basic, roderic_serpentine_path,
          uniq_terence
D:3:      layout_loops_ring, mainiacjoe_overflow_catwalk_spiral,
          minmay_misc_feat_alley, uniq_robin, uniq_pargi, uniq_ijyb

Skill      XL: |  1  2  3  4  5 |
---------------+----------------+-----
Shapeshifting  | 3 4 5 |  5.1
Fighting       | |  1.0
Dodging        | |  2.6
Unarmed Combat | |  3.0

Action                     |  1- 3 |  4- 6 || total
---------------------------+-------+-------++-------
  Melee: Unarmed           |   101 |    87 ||   188
         Bite              |     7 |     3 ||    10
         Punch             |     4 |     2 ||     6
    Use: Potion            |     2 |     2 ||     4
   Stab: Sleeping          |     1 |     1 ||     2
 Armour: Skin              |    50 |    47 ||    97
  Dodge: Dodged            |   109 |    96 ||   205

Table legend: (Time is in decaauts)
 A = Elapsed time spent in this place.
 B = Non-inter-level travel time spent in this place.
 C = Inter-level travel time spent in this place.
 D = Time resting spent in this place.
 E = Time spent auto-exploring this place.
 F = Levels seen in this place.
 G = Mean time per level.
                   A        B        C        D        E       F      G
               +--------+--------+--------+--------+--------+-----+--------+
         Total |   2066 |   2009 |     57 |     97 |   1371 |   3 |  688.7 |
       Dungeon |   2066 |   2009 |     57 |     97 |   1371 |   3 |  688.7 |
               +--------+--------+--------+--------+--------+-----+--------+

Top non-repeatable levels by time:
     D:2: 957 daAuts
     D:1: 761 daAuts
     D:3: 347 daAuts
